 Dungeon Crawl Stone Soup version 0.17-a0-1404-gb8113a6 (webtiles) character file.

13793 Alarkh the Spear-Bearer (level 11, -1/70 HPs)
             Began as a Mummy Necromancer on June 18, 2015.
             Was a High Priest of Okawaru.
             Slain by a six-headed hydra (12 damage)
             ... on level 2 of the Lair of Beasts on June 21, 2015.
             The game lasted 00:36:18 (14392 turns).

Alarkh the Spear-Bearer (Mummy Necromancer)        Turns: 14392, Time: 00:36:18

Health: -1/70      AC: 14    Str: 11    XL:     11   Next: 80%
Magic:  1/20       EV: 19    Int: 26    God:    Okawaru [*****.]
Gold:   239        SH:  0    Dex: 13    Spells: 3 memorised, 14 levels left

rFire  x . .     SeeInvis .     a - +0 halberd
rCold  + . .     Clarity  .     l - +0 robe
rNeg   + + +     SustAt   .     (no shield)
rPois  ∞         Gourm    .     L - +2 hat {Int+3}
rElec  .         Spirit   .     (no cloak)
rCorr  .         Warding  .     u - +0 pair of gloves
rMut   .         Stasis   .     K - +1 pair of boots of the Moon {Int+5}
MR     +....                    J - amulet of faith
Stlth  +++.......               w - +4 ring of evasion
                                x - +6 ring of protection

@: heroism, somewhat resistant to hostile enchantments, fairly stealthy
A: no food or potions, fire vulnerability, cold resistance 1, negative energy
resistance 3, torment resistance, unbreathing
a: Heroism, Finesse, Renounce Religion


You were on level 2 of the Lair of Beasts.
You worshipped Okawaru.
Okawaru was extremely pleased with you.
You were not hungry.

You visited 2 branches of the dungeon, and saw 11 of its levels.

You collected 635 gold pieces.
You spent 396 gold pieces at shops.

Inventory:

Hand weapons
 a - a +0 halberd (weapon)
 b - a +0 blowgun
 O - the +1 falchion "Jecwihei" {slice, rF+}
   (You found it on level 8 of the Dungeon)

   It inflicts extra damage upon your enemies.
   It protects you from fire.
Missiles
 g - 3 needles of frenzy
 i - 38 poisoned needles
 H - 4 throwing nets (quivered)
Armour
 f - the +0 scale mail of Shielding {rElec rN++ MR- Str+4}
   (Okawaru gifted it to you on level 9 of the Dungeon)

   It affects your strength (+4).
   It insulates you from electricity.
   It greatly protects you from negative energy.
   It affects your resistance to hostile enchantments.
 l - a +0 robe (worn)
 o - a +0 shield
 u - a +0 pair of gloves (worn)
 K - the +1 pair of boots of the Moon (worn) {Int+5}
   (Okawaru gifted it to you on level 8 of the Dungeon)

   It affects your intelligence (+5).
 L - a +2 hat of intelligence (worn)
 N - the +0 helmet of Space {-Tele +Fly SInv}
   (You bought it in a shop on level 8 of the Dungeon)

   It lets you see invisible.
   It lets you fly.
   It prevents most forms of teleportation.
Jewellery
 j - an uncursed ring of protection from magic
 m - an uncursed ring of ice
 w - a +4 ring of evasion (right hand)
 x - a +6 ring of protection (left hand)
 J - an amulet of faith (around neck)
Magical devices
 s - a wand of invisibility (3)
 G - a wand of paralysis (13)
 M - a wand of draining (8)
 S - a wand of draining (7)
Scrolls
 c - 4 scrolls of immolation
 d - 4 scrolls of fog
 e - 11 scrolls of remove curse
 h - 2 scrolls of teleportation
 k - 2 scrolls of torment {unknown}
 n - 3 scrolls of magic mapping
 r - 2 scrolls of enchant armour
 v - 3 scrolls of enchant weapon
 y - a scroll of noise {unknown}
 A - a scroll of amnesia {unknown}
 D - 2 scrolls of fear
 I - a scroll of recharging {unknown}
 Q - a scroll of holy word {unknown}


   Skills:
 + Level 1.2(6.2) Fighting
 - Level 14.0(19.0) Polearms
 + Level 1.1(6.1) Armour
 + Level 2.1(7.1) Dodging
 - Level 1.5(6.5) Stealth
 - Level 6.0 Spellcasting
 - Level 6.0 Necromancy
 + Level 1.1 Invocations


You had 14 spell levels left.
You knew the following spells:

 Your Spells              Type           Power        Failure   Level  Hunger
a - Pain                  Necr           ####         1%          1    N/A
b - Vampiric Draining     Necr           #####.....   1%          3    N/A
c - Control Undead        Necr           #####.....   8%          4    N/A

Dungeon Overview and Level Annotations

Branches:
Dungeon (9/15)             Temple (0/1) D:5            Lair (2/8) D:9
    Orc (0/4) D:9

Altars:
Cheibriados
Elyvilon
Gozag
Makhleb
Nemelex Xobeh
Okawaru
Qazlal
Sif Muna
Xom

Shops:
D:8 (*[


Innate Abilities, Weirdness & Mutations

You do not eat or drink.
Your flesh is vulnerable to fire.
You are immune to poison.
Your flesh is cold resistant.
You are immune to negative energy.
You are immune to unholy pain and torment.
You can survive without breathing.


Message History

The six-headed hydra is severely wounded.
You feel life coursing into your body. The six-headed hydra bites you.
The six-headed hydra bites you but does no damage.
The six-headed hydra bites you! x2
The six-headed hydra misses you.
The six-headed hydra bites you but does no damage.
Unknown command.
Zapping:
M - a wand of draining (will waste charges)
Press: ? - help, Shift-Dir - straight line, f/p - six-headed hydra
Aim: a six-headed hydra (severely wounded)
The bolt of negative energy hits the six-headed hydra.
The six-headed hydra is drained!
The six-headed hydra is almost dead.
Evoking this partially-identified wand wasted a few charges.
The six-headed hydra bites you. The six-headed hydra bites you!
* * * LOW HITPOINT WARNING * * *
The six-headed hydra misses you.
The six-headed hydra closely misses you.
The six-headed hydra barely misses you. The six-headed hydra bites you!
You die...

#...##P...#.#####.P......# ##.
##........................####.
##.......#.#...##...........#.P.
##.#......#########..>.(.........
P###......# ###...............
..#.......# #.##..............
..........######.##..........##.#
............................#####
................@............#
...............D.....####.P.P#
.....................# ###..#
....................## #.##
.>..P...#............# #.##
....##.##............## ##..####
....# ###.............####P.#.#..
....# #..............[..........
....## #D........................


You could see a six-headed hydra.

Vanquished Creatures
  Gastronok (D:8)
  Pikel (D:4)
  4 spiny frogs (Lair:1)
  Joseph (Lair:1)
  2 trolls (D:9)
  The ghost of Chiseanne the Skirmisher, an average DsWn (D:5)
  7 blink frogs
  7 yaks
  Eustachio (D:4)
  Grum (D:8)
  2 hungry ghosts
  4 wolves
  5 hippogriffs
  A soldier ant (D:9)
  A slave (D:3)
  4 water moccasins
  7 orc warriors
  2 porcupines
  5 phantoms
  A sky beast (D:7)
  4 ogres
  A necrophage (D:9)
  2 crocodiles
  13 giant frogs
  4 wights (D:6)
  A centaur zombie (D:9)
  7 electric eels
  3 crimson imps
  8 hounds
  5 worker ants
  10 orc priests
  A centaur skeleton (D:6)
  2 jellies
  8 orc wizards
  Natasha (thrice) (D:3)
  2 iguanas
  2 hound zombies
  A hound skeleton (D:6)
  A worker ant zombie (D:9)
  10 gnolls
  46 river rats
  14 adders
  2 shadow imps
  An adder zombie (D:6)
  3 worms
  5 giant geckos
  45 orcs
  2 giant cockroaches
  12 goblins
  16 hobgoblins
  13 kobolds
  3 quokkas
  2 ball pythons
  14 bats
  4 giant newts
  A jackal skeleton (D:5)
  A quokka skeleton (D:6)
  12 rats
342 creatures vanquished.

Vanquished Creatures (collateral kills)
  Menkaure (D:5)
1 creature vanquished.

Vanquished Creatures (others)
  A wight (D:6)
  An orc wizard (D:9)
  A plant (D:3)
3 creatures vanquished.

Grand Total: 346 creatures vanquished

Notes
Turn   | Place    | Note
--------------------------------------------------------------
     0 | D:1      | Alarkh the Mummy Necromancer began the quest for the Orb.
     0 | D:1      | Reached XP level 1. HP: 13/13 MP: 3/3
   631 | D:1      | Reached XP level 2. HP: 19/19 MP: 1/5
   988 | D:2      | Found a faded altar to an unknown god.
  1273 | D:2      | Reached XP level 3. HP: 12/24 MP: 0/6
  1885 | D:2      | Reached skill level 5 in Necromancy
  1885 | D:2      | Reached XP level 4. HP: 23/30 MP: 8/8
  2058 | D:2      | Found an iron altar of Okawaru.
  2087 | D:2      | Became a worshipper of Warmaster Okawaru
  2166 | D:2      | Found a deep blue altar of Sif Muna.
  2235 | D:3      | Upgraded the game from 0.17-a0-1399-gd5b76e1 to 0.17-a0-1404-gb8113a6
  2379 | D:3      | Learned a level 3 spell: Vampiric Draining
  2384 | D:3      | Learned a level 4 spell: Control Undead
  2580 | D:3      | Reached XP level 5. HP: 30/35 MP: 10/10
  2665 | D:3      | Noticed Natasha
  2672 | D:3      | Killed Natasha
  3069 | D:3      | Reached skill level 6 in Necromancy
  3114 | D:3      | Reached XP level 6. HP: 39/41 MP: 12/12
  3420 | D:3      | Noticed Natasha
  3424 | D:3      | Killed Natasha
  3424 | D:3      | Reached skill level 1 in Polearms
  4280 | D:3      | Noticed Natasha
  4286 | D:3      | Killed Natasha
  4357 | D:4      | Noticed Pikel
  4476 | D:4      | Killed Pikel
  4476 | D:4      | Acquired Okawaru's first power
  4476 | D:4      | Reached skill level 5 in Spellcasting
  4476 | D:4      | Reached XP level 7. HP: 32/46 MP: 12/15
  4683 | D:4      | Found a shimmering altar of Xom.
  4852 | D:4      | Noticed Eustachio
  4863 | D:4      | Killed Eustachio
  4863 | D:4      | Reached XP level 8. HP: 39/52 MP: 17/17
  5082 | D:4      | Found a burning altar of Makhleb.
  5082 | D:4      | Noticed a green death
  5085 | D:4      | Noticed a ynoxinul
  5085 | D:4      | Noticed a hellwing
  5128 | D:5      | Entered Level 5 of the Dungeon
  5422 | D:5      | Found a staircase to the Ecumenical Temple.
  5424 | D:5      | Noticed Chiseanne's ghost (average DsWn)
  5438 | D:5      | Noticed Menkaure
  5451 | D:5      | Killed Menkaure
  5616 | D:5      | Killed Chiseanne's ghost
  5616 | D:5      | Reached skill level 5 in Polearms
  5770 | D:5      | Found a snail-covered altar of Cheibriados.
  6576 | D:6      | Reached skill level 7 in Polearms
  6651 | D:6      | Found a stormy altar of Qazlal.
  6769 | D:6      | Reached XP level 9. HP: 54/57 MP: 12/18
  6899 | D:6      | Found a white marble altar of Elyvilon.
  6904 | D:6      | Found an opulent altar of Gozag.
  7449 | D:6      | Reached skill level 8 in Polearms
  7571 | D:6      | Found a sparkling altar of Nemelex Xobeh.
  8066 | D:7      | Reached skill level 9 in Polearms
  8545 | D:8      | Noticed Grum
  8991 | D:8      | Found Sahayhal's Antique Weapon Shoppe.
  9106 | D:8      | Found Mefygos's Assorted Antiques.
  9106 | D:8      | Found Kameing's Antique Armour Emporium.
  9130 | D:8      | Killed Grum
  9131 | D:8      | Noticed Gastronok
  9131 | D:8      | Bought a triangular cameo amulet for 120 gold pieces
  9251 | D:8      | Reached skill level 10 in Polearms
  9302 | D:8      | Acquired Okawaru's second power
  9429 | D:8      | Killed Gastronok
  9429 | D:8      | Received a gift from Okawaru
  9429 | D:8      | Reached skill level 11 in Polearms
  9429 | D:8      | Reached XP level 10. HP: 32/63 MP: 5/19
  9432 | D:8      | Got a pair of pitted boots {god gift}
  9453 | D:8      | Identified the +1 pair of boots of the Moon {Int+5} (Okawaru gifted it to you on level 8 of the Dungeon)
  9504 | D:8      | Bought an encrusted silver wand for 96 gold pieces
  9514 | D:8      | Bought a steaming helmet for 180 gold pieces
  9524 | D:8      | Identified the cursed +0 helmet of Space {-Tele +Fly SInv} (You bought it in a shop on level 8 of the Dungeon)
  9658 | D:8      | Got a dazzling falchion
  9659 | D:8      | Identified the +1 falchion "Jecwihei" {slice, rF+} (You found it on level 8 of the Dungeon)
 10099 | D:9      | Found a staircase to the Lair.
 10403 | D:8      | Reached skill level 12 in Polearms
 10808 | D:9      | Found a staircase to the Orcish Mines.
 11308 | D:9      | Reached XP level 11. HP: 49/68 MP: 18/20
 11906 | Lair:1   | Entered Level 1 of the Lair of Beasts
 12260 | Lair:1   | Noticed Joseph
 12510 | D:9      | Received a gift from Okawaru
 12513 | D:9      | Got a brightly glowing scale mail {god gift}
 12526 | D:9      | Identified the +0 scale mail of Shielding {rElec rN++ MR- Str+4} (Okawaru gifted it to you on level 9 of the Dungeon)
 12581 | Lair:1   | Killed Joseph
 12581 | Lair:1   | Reached skill level 13 in Polearms
 13785 | Lair:2   | Reached skill level 14 in Polearms
 14091 | Lair:2   | Reached skill level 1 in Fighting
 14091 | Lair:2   | Reached skill level 1 in Invocations
 14187 | Lair:2   | Reached skill level 1 in Armour
 14375 | Lair:2   | Noticed a six-headed hydra
 14392 | Lair:2   | Slain by a six-headed hydra

Vault maps used:
D:1:      erik_arrival_cave_to_civilisation
D:2:      lemuel_crystal_altar, led_sif_pool, ecumenical_altar_1, first_bread,
          kennysheep_generic_room_16
D:3:      wad_woods_tower, minivault_27, solitary_fountain, uniq_natasha
D:4:      xom_teletrap_fun, makhleb_altar_promises_db, uniq_pikel,
          uniq_eustachio
D:5:      slow_altar_1, minmay_temple_entry_mist, item_on_display_a,
          uniq_menkaure
D:6:      grunt_qazlal_clouds, minitemple, kennysheep_little_box
D:8:      serial_shops, shop, nicolae_shop_overgrown_old_shop,
          nicolae_shop_window_shopping, grunt_ogre_cave, uniq_gastronok,
          uniq_grum
D:9:      erik_lair_island, erik_orc_2
Lair:1:   grunt_megastairs_3, serial_bayou_shore_a, uniq_joseph
Lair:2:   pond

Action                   |  1- 3 |  4- 6 |  7- 9 | 10-12 || total
-------------------------+-------+-------+-------+-------++-------
Melee: Unarmed           |     1 |       |       |       ||     1
       Dagger            |    15 |     2 |     4 |       ||    21
       Halberd           |       |       |   364 |   645 ||  1009
 Fire: Blowgun           |       |       |    22 |    17 ||    39
 Cast: Pain              |    87 |   118 |   136 |   103 ||   444
       Vampiric Draining |       |     6 |    44 |    96 ||   146
       Control Undead    |       |       |     2 |       ||     2
Invok: Heroism           |       |       |     1 |     5 ||     6
Evoke: Wand              |       |       |       |     1 ||     1
  Use: Scroll            |     3 |     3 |     4 |     3 ||    13
 Stab: Sleeping          |       |       |     9 |     4 ||    13
       Distracted        |       |       |     1 |     1 ||     2
